[Event "Titled Tuesday Blitz May 03 Late 2022"]
[White "Kim, Sergey"]
[Black "Hambleton, Aman"]
[WhiteFideId "13700570"]
[BlackFideId "2606577"]
[WhiteElo "2530"]
[BlackElo "2552"]
[Result "0-1"]
[Round "05"]
[TimeControl "180+1"]
[Date "2022.05.03"]
[WhiteClock "0:00:07"]
[BlackClock "0:00:03"]

1. d4 Nf6 2. c4 e6 3. Nc3 Bb4 4. Qc2 c5 5. dxc5 Bxc5 6. Nf3 b6 7. e3 Bb7 8. Bd3 O-O 9. O-O Be7 10. Ne4 h6 11. b3 Nc6 12. a3 d5 13. Nxf6+ Bxf6 14. Bb2 dxc4 15. Bxc4 Bxb2 16. Qxb2 Na5 17. Be2 Bd5 18. b4 Nc4 19. Qd4 Rc8 20. Rfd1 Bxf3 21. Bxf3 Qxd4 22. Rxd4 Ne5 23. a4 Rc7 24. a5 bxa5 25. bxa5 Rb8 26. a6 Rb2 27. h3 g5 28. Be4 Kg7 29. f4 gxf4 30. exf4 Nd7 31. Bf3 Nf6 32. Rad1 Ra2 33. Bb7 Rcc2 34. Rb4 Nd5 35. Bxd5 exd5 36. f5 Rxg2+ 37. Kh1 Rh2+ 38. Kg1 Rag2+ 39. Kf1 Ra2 40. Kg1 Kf6 41. Rxd5 Rag2+ 42. Kf1 Ra2 43. Kg1 Rhg2+ 44. Kf1 Rgc2 45. Rb1 Rxa6 46. Kg1 Ra3 47. Rf1 Rg3+ 48. Kh1 Rxh3+ 49. Kg1 Rg3+ 50. Kh1 Rgg2 51. Rd6+ Ke7 52. Rxh6 Rge2 53. f6+ Ke6 54. Rh3 a5 55. Ra3 Rh2+ 0-1


[Site "https://www.chess.com"]

[Event "Titled Tuesday Blitz May 03 Late 2022"]
[White "Koelle, Tobias"]
[Black "Sztokbant, Bernardo Vainzoff"]
[WhiteFideId "16207378"]
[BlackFideId "2115956"]
[WhiteElo "2541"]
[BlackElo "2225"]
[Result "1-0"]
[Round "05"]
[TimeControl "180+1"]
[Date "2022.05.03"]
[WhiteClock "0:01:28"]
[BlackClock "0:00:04"]

1. Nf3 Nf6 2. c4 c5 3. Nc3 Nc6 4. g3 g6 5. Bg2 Bg7 6. O-O O-O 7. a3 d5 8. cxd5 Nxd5 9. e3 Bg4 10. h3 Bc8 11. Nxd5 Qxd5 12. d4 Qd6 13. dxc5 Qxc5 14. b4 Qb6 15. Ra2 Be6 16. Rd2 Rfd8 17. Ng5 Bc4 18. Re1 Bc3 19. Qc2 Bxd2 20. Bxd2 Bd3 21. Qb3 Ne5 22. Bc3 Nc4 23. Rd1 Rac8 24. Ba1 h6 25. Nxf7 Kxf7 26. Rxd3 Rxd3 27. Qxd3 Nd6 28. Bd4 Qc7 29. Qb3+ e6 30. Qa4 a6 31. Bc5 Nf5 32. Qb3 Qd7 33. e4 Nd4 34. Qe3 e5 35. Qxh6 Ne2+ 36. Kh2 Qd1 37. Qh7+ Ke6 38. Qxg6+ Kd7 39. Qf7+ Kc6 40. Qd5+ Qxd5 41. exd5+ Kb5 42. d6 Rd8 43. Bf1 Ka4 44. Bxe2 Kxa3 45. b5+ Ka4 46. bxa6 bxa6 47. Bxa6 Ka5 48. Bf1 1-0


[Site "https://www.chess.com"]

[Event "Titled Tuesday Blitz May 03 Late 2022"]
[White "Koellner, Ruben Gideon"]
[Black "Baches Garcia, Guillermo"]
[WhiteFideId "12993093"]
[BlackFideId "2209764"]
[WhiteElo "2617"]
[BlackElo "2485"]
[Result "0-1"]
[Round "05"]
[TimeControl "180+1"]
[Date "2022.05.03"]
[WhiteClock "0:00:04"]
[BlackClock "0:00:09"]

1. d4 Nf6 2. Bg5 e6 3. Nd2 d5 4. e3 c5 5. c3 Nc6 6. f4 Qb6 7. Rb1 Ne4 8. Nxe4 dxe4 9. Ne2 cxd4 10. Nxd4 Nxd4 11. Qxd4 Qxd4 12. exd4 h6 13. Bh4 g5 14. Bg3 Bd7 15. Kd2 Be7 16. Ke3 Bc6 17. Bc4 h5 18. fxg5 Bxg5+ 19. Bf4 Rg8 20. Bxg5 Rxg5 21. g3 h4 22. gxh4 Rh5 23. Rhg1 Ke7 24. Rg4 Rah8 25. Rf1 Rxh4 26. Rg7 Rh3+ 27. Kd2 Rxh2+ 28. Kc1 Be8 29. d5 R8h7 30. Rxh7 Rxh7 31. dxe6 fxe6 32. Bb3 Bc6 33. Bc2 Kd6 34. Rf2 Ke5 35. Kd2 Rh3 36. Re2 Rf3 37. b3 Kf4 38. c4 e3+ 39. Kc3 Rf2 40. Re1 Be4 41. Bd1 Rxa2 42. b4 Rf2 43. b5 Bf3 44. Bc2 e2 45. Kd2 e5 46. c5 e4 47. Bb3 e3+ 48. Kc3 Rf1 0-1


[Site "https://www.chess.com"]

[Event "Titled Tuesday Blitz May 03 Late 2022"]
[White "Kohler, Aran"]
[Black "Karttunen, Mika"]
[WhiteFideId "1002856"]
[BlackFideId "502081"]
[WhiteElo "2335"]
[BlackElo "2343"]
[Result "0-1"]
[Round "05"]
[TimeControl "180+1"]
[Date "2022.05.03"]
[WhiteClock "0:00:11"]
[BlackClock "0:00:15"]

1. d4 Nf6 2. Nf3 g6 3. Bg5 Bg7 4. Nbd2 d6 5. e3 Nbd7 6. Bd3 h6 7. Bh4 g5 8. Bg3 Nh5 9. c3 e6 10. Qb3 a5 11. a4 O-O 12. h4 g4 13. Nh2 Nxg3 14. fxg3 h5 15. O-O Bh6 16. Rae1 d5 17. Rf2 f5 18. Bxf5 exf5 19. Qxd5+ Kg7 20. Rxf5 Rxf5 21. Qxf5 Nf6 22. Qe5 Qd6 23. Qxd6 cxd6 24. Nc4 Ne4 25. Nb6 Rb8 26. Nf1 Bf5 27. c4 Rd8 28. Kh2 Kg6 29. Nd5 Bd7 30. Ne7+ Kf7 31. Nd5 Bc6 32. Nf4 Nf6 33. b3 Be4 34. Nd2 Bxf4 35. gxf4 Re8 36. Kg3 Kg6 37. Kf2 Kf5 38. g3 Bd3 39. Rc1 Ne4+ 40. Nxe4 Kxe4 41. c5 Kd5 42. cxd6 Kxd6 43. Rc5 b6 44. Rxh5 Rc8 45. Rh6+ Kd7 46. Rxb6 Rc2+ 47. Ke1 Re2+ 48. Kd1 Rxe3 49. Kd2 Rxg3 50. h5 Be4 51. h6 Rh3 52. Ra6 g3 53. Rxa5 Rxh6 54. Rg5 g2 55. Ke3 Rh1 56. Kxe4 g1=Q 57. Rxg1 Rxg1 58. Kd5 Rf1 59. b4 Rxf4 60. Kc5 Rf1 61. a5 Rc1+ 62. Kb6 Rc6+ 63. Kb7 Rc7+ 64. Kb6 Rc8 65. b5 Rb8+ 66. Kc5 Kc7 67. b6+ Kb7 68. Kb5 Rd8 69. a6+ Kb8 70. Kc6 Rxd4 71. a7+ Ka8 72. Kc7 Rc4+ 73. Kd6 Rc1 74. Kd5 Kb7 75. Kd6 Rc6+ 76. Kd7 Rxb6 77. a8=Q+ Kxa8 0-1


[Site "https://www.chess.com"]

[Event "Titled Tuesday Blitz May 03 Late 2022"]
[White "Korchmar, Vasiliy"]
[Black "Mikhalsky, Vladimir"]
[WhiteFideId "24131750"]
[BlackFideId "14144352"]
[WhiteElo "2370"]
[BlackElo "2301"]
[Result "1-0"]
[Round "05"]
[TimeControl "180+1"]
[Date "2022.05.03"]
[WhiteClock "0:01:15"]
[BlackClock "0:00:01"]

1. e4 c5 2. Nf3 Nc6 3. d4 cxd4 4. Nxd4 Nf6 5. Nc3 e5 6. Ndb5 d6 7. Nd5 Nxd5 8. exd5 Ne7 9. c4 Ng6 10. Qa4 Bd7 11. Qb4 Qb8 12. h4 h5 13. Be2 Be7 14. g3 a6 15. Nc3 a5 16. Qa3 f5 17. Bg5 f4 18. Ne4 Bf5 19. Bxe7 Kxe7 20. Ng5 Qc7 21. O-O Rac8 22. Bd3 Rhf8 23. Bxf5 Rxf5 24. Qd3 Rcf8 25. Ne6 Qc8 26. Nxg7 R8f7 27. Nxf5+ Rxf5 28. c5 dxc5 29. d6+ Ke6 30. Rad1 Qd7 31. Qc4+ Kf6 32. Qxc5 f3 33. Qc7 Ke6 34. Rfe1 Nf8 35. Qxa5 1-0


[Site "https://www.chess.com"]

[Event "Titled Tuesday Blitz May 03 Late 2022"]
[White "Kozin, Yuri"]
[Black "D`Arruda, Ricardo D."]
[WhiteFideId "4129920"]
[BlackFideId "100692"]
[WhiteElo "2561"]
[BlackElo "2434"]
[Result "0-1"]
[Round "05"]
[TimeControl "180+1"]
[Date "2022.05.03"]
[WhiteClock "0:00:03"]
[BlackClock "0:00:48"]

1. e4 c6 2. d4 d5 3. exd5 cxd5 4. c4 e6 5. Nc3 Nf6 6. Nf3 Be7 7. cxd5 Nxd5 8. Bd3 O-O 9. O-O Nc6 10. Re1 Nf6 11. Bg5 b6 12. Qd2 Bb7 13. Rad1 Re8 14. a3 Nd5 15. Nxd5 Qxd5 16. Be4 Qd7 17. Qf4 Bxg5 18. Nxg5 h6 19. Nf3 Rad8 20. h4 Qd6 21. Qe3 Na5 22. Ne5 Bd5 23. Qf3 f6 24. Ng6 Bxe4 25. Rxe4 Qd5 26. Nf4 Qd7 27. Rde1 Nc6 28. Qh3 Nxd4 29. h5 e5 30. Rxd4 exd4 31. Rxe8+ Qxe8 32. Ng6 d3 33. Qf3 d2 0-1


[Site "https://www.chess.com"]

[Event "Titled Tuesday Blitz May 03 Late 2022"]
[White "Matinian, Nikita"]
[Black "Kollars, Dmitrij"]
[WhiteFideId "24129100"]
[BlackFideId "12909572"]
[WhiteElo "2422"]
[BlackElo "2584"]
[Result "0-1"]
[Round "05"]
[TimeControl "180+1"]
[Date "2022.05.03"]
[WhiteClock "0:00:02"]
[BlackClock "0:00:14"]

1. e4 c6 2. Nc3 d5 3. Nf3 dxe4 4. Nxe4 Nf6 5. Qe2 Nxe4 6. Qxe4 Nd7 7. Bc4 Nf6 8. Ne5 e6 9. Qe2 b5 10. Bb3 Qc7 11. d4 Bd6 12. c3 O-O 13. h4 c5 14. h5 cxd4 15. cxd4 Bb7 16. h6 g6 17. Bg5 Nd5 18. Rc1 Qa5+ 19. Bd2 Qd8 20. Qxb5 Rb8 21. Nd7 a6 22. Qa4 Nb6 23. Nxb6 Qxb6 24. O-O Rfc8 25. Rxc8+ Rxc8 26. Rc1 Rxc1+ 27. Bxc1 Bc6 28. Qc4 Qb7 29. f3 Bd5 30. Qc3 Bxb3 31. axb3 f6 32. Qc4 Kf7 33. Be3 Bf8 34. Kf2 g5 35. Qc2 Kg8 36. Qc4 Kf7 37. Qc2 Kg8 38. Qc4 Qd5 39. Qxa6 Qxb3 40. Qe2 Bxh6 41. g4 Bf8 42. Qd2 Bb4 43. Qe2 Kg7 44. Kg2 Bd6 45. Qd2 Kg6 46. Qc3 Qb5 47. Qc8 Qxb2+ 0-1


[Site "https://www.chess.com"]

[Event "Titled Tuesday Blitz May 03 Late 2022"]
[White "Meduri, Aakaash"]
[Black "Kujawski, Adam"]
[WhiteFideId "2032252"]
[BlackFideId "1100920"]
[WhiteElo "2096"]
[BlackElo "2053"]
[Result "1-0"]
[Round "05"]
[TimeControl "180+1"]
[Date "2022.05.03"]
[WhiteClock "0:01:57"]
[BlackClock "0:01:02"]

1. b4 e5 2. a3 d5 3. Bb2 Bd6 4. e3 Nf6 5. g3 O-O 6. Bg2 c6 7. Ne2 Bf5 8. O-O Re8 9. d3 h6 10. Nd2 Bh7 11. c4 Nbd7 12. Nb3 Bf8 13. Rc1 Nb6 14. Ba1 dxc4 15. dxc4 Qd3 16. Rc3 Qxd1 17. Rxd1 Na4 18. Rcc1 Be4 19. Nc3 Bxg2 20. Kxg2 Red8 21. Nxa4 1-0


[Site "https://www.chess.com"]

[Event "Titled Tuesday Blitz May 03 Late 2022"]
[White "Melaugh, Shane"]
[Black "Carrasco Miranda, Andres"]
[WhiteFideId "2509580"]
[BlackFideId "3405990"]
[WhiteElo "1972"]
[BlackElo "2177"]
[Result "1/2-1/2"]
[Round "05"]
[TimeControl "180+1"]
[Date "2022.05.03"]
[WhiteClock "0:00:03"]
[BlackClock "0:00:22"]

1. e4 c5 2. c4 Nc6 3. Nc3 g6 4. g3 Bg7 5. Bg2 d6 6. Nge2 Rb8 7. O-O a6 8. a4 Bd7 9. d3 e5 10. f4 Nge7 11. h3 Nd4 12. Nxd4 cxd4 13. Nd5 Nxd5 14. exd5 f5 15. b3 O-O 16. Ba3 Qc7 17. fxe5 Bxe5 18. Qf3 b5 19. axb5 axb5 20. Rae1 bxc4 21. bxc4 Rfe8 22. Bc1 Rb3 23. Bf4 Bxf4 24. Rxe8+ Bxe8 25. Qxf4 Rxd3 26. Re1 Bf7 27. Bf1 Qa5 28. Rb1 Rd2 29. Rb8+ Kg7 30. Qxd6 Qc3 31. Qf8+ Kf6 32. Rb6+ Kg5 33. Qe7+ Kh6 34. Qh4+ Kg7 35. Qf6+ Kh6 36. Qh4+ Kg7 37. Qf6+ Kh6 38. Qh4+ 1/2-1/2


[Site "https://www.chess.com"]

[Event "Titled Tuesday Blitz May 03 Late 2022"]
[White "Melikhov, Evgeny V."]
[Black "Burke, Paul"]
[WhiteFideId "4122046"]
[BlackFideId "2605767"]
[WhiteElo "1931"]
[BlackElo "1848"]
[Result "1-0"]
[Round "05"]
[TimeControl "180+1"]
[Date "2022.05.03"]
[WhiteClock "0:00:33"]
[BlackClock "0:00:44"]

1. d4 Nf6 2. c4 c5 3. d5 Ne4 4. Nf3 Qa5+ 5. Nbd2 d6 6. a3 Nf6 7. Qc2 g6 8. e4 Bg7 9. Be2 O-O 10. O-O Qd8 11. h3 h6 12. e5 dxe5 13. Nxe5 Bf5 14. Bd3 Bxd3 15. Qxd3 Nxd5 16. Nxg6 fxg6 17. cxd5 Na6 18. Nc4 g5 19. Be3 b5 20. Nd2 c4 21. Qg6 Qd6 22. Qxd6 exd6 23. Rab1 Nc5 24. Nf3 Na4 25. Bd4 Rfe8 26. Bxg7 Kxg7 27. Nd4 Re4 28. Nxb5 Rd8 29. Nxa7 Re2 30. b3 Nc3 31. Rbc1 Nxd5 32. bxc4 Nf4 33. Nb5 d5 34. c5 d4 35. c6 d3 36. c7 Rc8 37. Nd6 d2 38. Nxc8 dxc1=Q 39. Rxc1 Nd3 40. Nd6 Nxc1 41. c8=Q Re1+ 42. Kh2 1-0


[Site "https://www.chess.com"]

[Event "Titled Tuesday Blitz May 03 Late 2022"]
[White "Melikyan, Gnel"]
[Black "Derraugh, Geordie"]
[WhiteFideId "54109990"]
[BlackFideId "2603950"]
[WhiteElo "1772"]
[BlackElo "2116"]
[Result "1-0"]
[Round "05"]
[TimeControl "180+1"]
[Date "2022.05.03"]
[WhiteClock "0:00:25"]
[BlackClock "0:00:07"]

1. Nf3 Nf6 2. c4 g6 3. d4 Bg7 4. Nc3 d5 5. cxd5 Nxd5 6. Bd2 O-O 7. e4 Nb6 8. Be3 c5 9. dxc5 Bxc3+ 10. bxc3 Qxd1+ 11. Kxd1 Na4 12. Kc2 Nd7 13. c6 bxc6 14. Nd4 c5 15. Nc6 Re8 16. Rb1 Nab6 17. f3 f5 18. exf5 gxf5 19. Bd3 e6 20. Rhe1 c4 21. Bf1 Bb7 22. Nd4 Bd5 23. Nb5 Rec8 24. Bf4 Rc5 25. Nc7 Rc8 26. Nxe6 Bxe6 27. Rxe6 Ra5 28. Rb2 Nf8 29. Re5 Rxe5 30. Bxe5 Re8 31. Bd4 Re1 32. Rb1 Rxb1 33. Kxb1 Nfd7 34. a4 a5 35. Ka2 Kf7 36. h4 Ke6 37. g4 Kd5 38. gxf5 Nxa4 39. f4 Nac5 40. Bg2+ Kd6 41. f6 Nd3 42. Be4 h6 43. f7 Nxf4 44. Bf5 Ke7 45. Bxd7 Kxf7 46. Bb5 Ng6 47. Bxc4+ Ke7 48. Bf2 Nf4 49. Be3 Ng2 50. Bxh6 Kf6 51. Bg5+ Kf5 52. Ka3 Ne1 53. Ka4 Nc2 54. Kxa5 Na3 55. Bd3+ Kg4 56. Kb4 Nb1 57. Bxb1 Kh5 58. c4 1-0


[Site "https://www.chess.com"]

[Event "Titled Tuesday Blitz May 03 Late 2022"]
[White "Melkumyan, Hrant"]
[Black "Nakamura, Hikaru"]
[WhiteFideId "13302485"]
[BlackFideId "2016192"]
[WhiteElo "2604"]
[BlackElo "2850"]
[Result "1-0"]
[Round "05"]
[TimeControl "180+1"]
[Date "2022.05.03"]
[WhiteClock "0:00:11"]
[BlackClock "0:00:08"]

1. d4 f5 2. Nc3 Nf6 3. Bg5 c6 4. e3 d6 5. Bd3 g6 6. Bxf6 exf6 7. h4 h5 8. Nh3 Bh6 9. Qf3 Be6 10. Nf4 Bf7 11. O-O d5 12. b4 Nd7 13. a4 Qe7 14. Rab1 a6 15. a5 O-O 16. Na4 Kh8 17. Nc5 Rab8 18. Rfc1 Rfd8 19. c4 Ne5 20. dxe5 fxe5 21. Ne2 e4 22. Qg3 exd3 23. Nxd3 dxc4 24. Ndf4 Kh7 25. Rxc4 Bg7 26. Rcc1 Rd6 27. Nh3 Bf6 28. Ng5+ Bxg5 29. hxg5 Rbd8 30. Nd4 Rd5 31. Rc5 R8d7 32. Rbc1 R5d6 33. Qf4 Bd5 34. f3 Qe8 35. Kf2 Qd8 36. R1c3 Bf7 37. Rc2 Rd5 38. Rxd5 Bxd5 39. Rc5 Re7 40. Rc3 Qe8 41. Rc5 Qf7 42. Rc3 Re8 43. Qd6 Qe7 44. Qxe7+ Rxe7 45. Kg3 Re8 46. Kf4 Kg7 47. Rc5 Kf7 48. Ne2 Ke7 49. Nc3 Be6 50. Ne2 Kd6 51. Nd4 Bd5 52. Rc3 Rb8 53. Ra3 Re8 54. Rc3 Re7 55. Rd3 c5 56. bxc5+ Kxc5 57. Rd1 Bc4 58. Rb1 Bb5 59. Rb2 Kc4 60. Rb1 Re8 61. Rc1+ Kb4 62. Rc7 Rg8 63. Rxb7 Kxa5 64. e4 fxe4 65. fxe4 Bd3 66. e5 Bf1 67. e6 Bxg2 68. Rb2 Bd5 69. Ke5 Bxe6 70. Nxe6 Ka4 71. Kf6 Ka3 72. Rb1 Ka2 73. Rb6 a5 74. Ra6 h4 75. Rxa5+ Kb3 76. Ra1 Rh8 77. Rh1 h3 78. Kxg6 Kc4 79. Kg7 Rh4 80. g6 Kd5 81. Ng5 Ke5 82. Nxh3 Kf5 83. Rf1+ Ke5 84. Ng5 1-0


[Site "https://www.chess.com"]

[Event "Titled Tuesday Blitz May 03 Late 2022"]
[White "Migot, Tangi"]
[Black "Piesik, Piotr"]
[WhiteFideId "662445"]
[BlackFideId "1136194"]
[WhiteElo "2505"]
[BlackElo "2190"]
[Result "0-1"]
[Round "05"]
[TimeControl "180+1"]
[Date "2022.05.03"]
[WhiteClock "0:00:17"]
[BlackClock "0:01:18"]

1. c3 g6 2. d4 Bg7 3. Bg5 d6 4. Nd2 Nd7 5. e3 Ngf6 6. h4 h6 7. Bf4 e5 8. Bh2 Qe7 9. Nc4 O-O 10. dxe5 dxe5 11. a4 a5 12. Nf3 Ng4 13. h5 Nxh2 14. Nxh2 g5 15. Bd3 e4 16. Be2 Nc5 17. Qc2 Be6 18. Nf1 f5 19. Nfd2 b6 20. Na3 Rad8 21. Nb5 Nd3+ 22. Bxd3 exd3 23. Qd1 f4 24. e4 g4 25. f3 c6 26. Nd4 Bxd4 27. cxd4 Rxd4 28. Qc1 c5 29. Ra3 c4 30. Rc3 Qb4 31. Qa1 Bd7 32. Qa3 Rc8 33. fxg4 Bxa4 34. Kf2 Qxa3 35. Rxa3 Bc6 36. Re1 a4 37. Rc3 b5 38. Rcc1 Bb7 39. e5 b4 40. e6 Kf8 41. e7+ Ke8 42. Nf3 Bxf3 43. Kxf3 d2 44. Red1 dxc1=Q 0-1


[Site "https://www.chess.com"]

[Event "Titled Tuesday Blitz May 03 Late 2022"]
[White "Mirza, Diana"]
[Black "Romero Ruscalleda, Josep"]
[WhiteFideId "2503999"]
[BlackFideId "2231859"]
[WhiteElo "1813"]
[BlackElo "2266"]
[Result "0-1"]
[Round "05"]
[TimeControl "180+1"]
[Date "2022.05.03"]
[WhiteClock "0:00:29"]
[BlackClock "0:01:27"]

1. Nf3 g6 2. d4 Bg7 3. c4 d6 4. Nc3 Nc6 5. e4 Bg4 6. d5 Nd4 7. Be2 Nxe2 8. Qxe2 Nf6 9. h3 Bd7 10. g4 c5 11. O-O O-O 12. Be3 a6 13. e5 Ne8 14. Ne4 b5 15. e6 fxe6 16. dxe6 Bxe6 17. cxb5 axb5 18. Qc2 Rxf3 19. Ng5 Bd5 20. Nxf3 Bxf3 21. Qb3+ Kh8 22. Qxb5 Rb8 23. Qc4 Rxb2 24. Rab1 Be2 25. Rxb2 Bxc4 0-1


[Site "https://www.chess.com"]

[Event "Titled Tuesday Blitz May 03 Late 2022"]
[White "Mirzoev, Azer"]
[Black "Fernandez Siles, Luis"]
[WhiteFideId "13400304"]
[BlackFideId "2209420"]
[WhiteElo "2525"]
[BlackElo "2212"]
[Result "1-0"]
[Round "05"]
[TimeControl "180+1"]
[Date "2022.05.03"]
[WhiteClock "0:00:10"]
[BlackClock "0:00:03"]

1. c4 Nf6 2. Nc3 g6 3. g3 Bg7 4. Bg2 O-O 5. e3 d6 6. Nge2 Nc6 7. O-O Bf5 8. d3 Qd7 9. Nf4 e5 10. Nfd5 Ne8 11. e4 Bh3 12. Be3 Bxg2 13. Kxg2 Nd8 14. f3 c6 15. Nb4 f5 16. Nc2 f4 17. Bf2 Qf7 18. g4 Nc7 19. Rc1 c5 20. b4 b6 21. Rb1 Nde6 22. Nd5 h5 23. h3 Bf6 24. bxc5 dxc5 25. a4 Kg7 26. a5 bxa5 27. Rb7 Rfb8 28. Rxb8 Rxb8 29. Qa1 hxg4 30. hxg4 Rh8 31. Qxa5 Nxd5 32. cxd5 Ng5 33. Qxc5 Rh3 34. Ne1 Qg8 35. Qxa7+ Kh6 36. Rh1 Rxh1 37. Kxh1 Qh8 38. Kg2 Bg7 39. Bh4 Nh7 40. Qe7 g5 41. Bf2 Bf6 42. Qf7 Qa8 43. d6 Qd8 44. d7 Be7 45. Qe6+ Nf6 46. Qxe5 Qxd7 47. d4 Kg6 48. Qf5+ Qxf5 49. gxf5+ Kf7 50. Nd3 g4 51. Ne5+ Kf8 52. Nxg4 Nxg4 53. fxg4 Bg5 54. Kf3 Ke7 55. Be1 Kf6 56. Bd2 Ke7 57. Bxf4 Bxf4 58. Kxf4 1-0


[Site "https://www.chess.com"]

[Event "Titled Tuesday Blitz May 03 Late 2022"]
[White "Miszler, Levente"]
[Black "Gascon Del Nogal, Jose Rafael"]
[WhiteFideId "763276"]
[BlackFideId "3902463"]
[WhiteElo "1966"]
[BlackElo "2473"]
[Result "1-0"]
[Round "05"]
[TimeControl "180+1"]
[Date "2022.05.03"]
[WhiteClock "0:00:13"]
[BlackClock "0:00:01"]

1. Nf3 c5 2. c4 Nc6 3. Nc3 g6 4. d4 cxd4 5. Nxd4 Bg7 6. Nxc6 bxc6 7. g3 Nf6 8. Bg2 O-O 9. O-O Rb8 10. e4 d6 11. Qc2 Nd7 12. b3 Nc5 13. Bb2 a5 14. Rad1 Qc7 15. Rfe1 Bg4 16. Rd2 a4 17. h3 axb3 18. axb3 Be6 19. Na4 Bxb2 20. Nxc5 dxc5 21. Qxb2 Bxc4 22. Re3 Be6 23. Qc2 Qb6 24. Rc3 Bxb3 25. Qc1 c4 26. Rb2 Rfd8 27. Bf1 Qd4 28. Bxc4 Bxc4 29. Rxb8 Rxb8 30. Rxc4 Qd3 31. Kg2 Rb1 32. Qc2 Qf1+ 33. Kf3 Re1 34. Rxc6 Qh1+ 35. Kf4 Kg7 36. Rc7 Rf1 37. Qc3+ Kh6 38. Qe3 Qxh3 39. Kf3+ Kg7 40. Qd4+ Kh6 41. Qd2+ Kg7 42. Qc3+ Kh6 43. Qd2+ Kh5 44. Rc5+ 1-0


[Site "https://www.chess.com"]

[Event "Titled Tuesday Blitz May 03 Late 2022"]
[White "Mogranzini, Roberto"]
[Black "Ansh M Shah"]
[WhiteFideId "810894"]
[BlackFideId "25033379"]
[WhiteElo "2469"]
[BlackElo "1819"]
[Result "1/2-1/2"]
[Round "05"]
[TimeControl "180+1"]
[Date "2022.05.03"]
[WhiteClock "0:00:18"]
[BlackClock "0:00:07"]

1. e4 c6 2. Nf3 d5 3. d3 dxe4 4. Ng5 Nf6 5. Nc3 h6 6. Ngxe4 Nbd7 7. g3 e6 8. Bg2 Be7 9. O-O O-O 10. Re1 Nd5 11. Bd2 N7f6 12. Nxf6+ Bxf6 13. Rb1 Nxc3 14. Bxc3 Bd7 15. Qd2 Rb8 16. b4 a6 17. a4 Re8 18. h4 Bxc3 19. Qxc3 Qc7 20. b5 axb5 21. axb5 Qd6 22. b6 c5 23. Qe5 Qxe5 24. Rxe5 Rec8 25. Ra1 c4 26. d4 Bc6 27. Rc5 Bxg2 28. Kxg2 Rxc5 29. dxc5 Kf8 30. Ra4 Ke8 31. Rxc4 Kd7 32. h5 Kc6 33. Kf3 Rd8 34. Rg4 Rg8 35. Rd4 Rf8 36. Rg4 g5 37. hxg6 fxg6+ 38. Ke3 g5 39. f4 gxf4+ 40. gxf4 Rf6 41. Rg7 Kxc5 42. Rxb7 Rg6 43. Ke4 Rg2 44. Ke5 Re2+ 45. Kf6 Kc6 46. Rb8 h5 47. c4 Re4 48. Kg5 h4 49. c5 h3 50. Rc8+ Kb7 51. Rc7+ Kb8 52. Rh7 Rc4 53. Kf6 Rxc5 54. Kxe6 Rc3 55. f5 Re3+ 56. Kf6 Rg3 57. Kf7 Rf3 58. f6 Kb7 59. Kf8+ Kxb6 60. f7 Kc6 61. Kg8 Rg3+ 62. Kf8 Kd6 63. Rh4 Ke6 64. Re4+ Kf5 65. Re2 Rf3 66. Ke8 Kg4 67. f8=Q Rxf8+ 68. Kxf8 Kg3 69. Re3+ Kg2 70. Re2+ Kg3 71. Re3+ Kg2 72. Re2+ Kg3 1/2-1/2


[Site "https://www.chess.com"]

[Event "Titled Tuesday Blitz May 03 Late 2022"]
[White "Mohammadian, Mohammad"]
[Black "Weber, Samuel"]
[WhiteFideId "12566055"]
[BlackFideId "12924008"]
[WhiteElo "1544"]
[BlackElo "2215"]
[Result "0-1"]
[Round "05"]
[TimeControl "180+1"]
[Date "2022.05.03"]
[WhiteClock "0:00:12"]
[BlackClock "0:01:16"]

1. e4 e5 2. Nf3 Nc6 3. Bb5 a6 4. Ba4 Nf6 5. O-O Nxe4 6. Re1 Nc5 7. Bxc6 dxc6 8. Nxe5 Be7 9. d4 Ne6 10. c3 O-O 11. Bf4 Nxf4 12. Nd2 Bd6 13. Ndf3 Be6 14. Qd2 Nd5 15. c4 Bb4 16. Qd3 Bxe1 17. cxd5 Bxf2+ 18. Kxf2 Qxd5 19. Kg1 Rad8 20. Rd1 f6 21. Kh1 fxe5 22. Ng5 Bf5 23. Qg3 exd4 24. Rf1 d3 25. Qxc7 d2 26. Nf3 d1=Q 27. Rg1 Q5xf3 28. gxf3 Qxf3+ 29. Rg2 Rd1# 0-1


[Site "https://www.chess.com"]

[Event "Titled Tuesday Blitz May 03 Late 2022"]
[White "Moiseenko, Alexander"]
[Black "Xiong, Jeffery"]
[WhiteFideId "14102560"]
[BlackFideId "2047640"]
[WhiteElo "2577"]
[BlackElo "2727"]
[Result "1/2-1/2"]
[Round "05"]
[TimeControl "180+1"]
[Date "2022.05.03"]
[WhiteClock "0:00:03"]
[BlackClock "0:00:02"]

1. d4 d5 2. c4 e6 3. Nc3 Nf6 4. cxd5 exd5 5. Bg5 c6 6. e3 Bd6 7. Bd3 O-O 8. h3 Re8 9. Nf3 Nbd7 10. O-O Nf8 11. Re1 Be6 12. Ne5 Be7 13. f4 N6d7 14. Bxe7 Qxe7 15. Qc2 Rad8 16. Nf3 Nf6 17. a3 c5 18. dxc5 Qxc5 19. Nb5 Qxc2 20. Bxc2 Bd7 21. Nd6 Re7 22. Nxb7 Rb8 23. Nc5 Rxb2 24. Nd4 Ne6 25. Ncxe6 Bxe6 26. Reb1 Reb7 27. Rxb2 Rxb2 28. Rb1 Rxb1+ 29. Bxb1 Bd7 30. Kf2 Kf8 31. g4 Ne8 32. Kf3 Nd6 33. Ba2 Nc4 34. Bxc4 dxc4 35. e4 Ke7 36. e5 f6 37. Ke4 fxe5 38. fxe5 h5 39. gxh5 Bxh3 40. Kd5 Bf1 41. Nf5+ Kf8 42. Kd4 Bd3 43. Ne3 Be2 44. Nxc4 Bxh5 45. e6 Ke7 46. Ke5 Bg4 47. Na5 Bf3 48. Nb3 g6 49. Nd4 Bb7 50. Ne2 g5 51. Nd4 g4 52. Nf5+ Kf8 53. Kf6 Bc6 54. e7+ Kg8 55. Ng3 Bd7 56. Nh5 a5 57. Ng3 Be8 58. Kg5 Bd7 59. Kf6 Be8 60. Ne2 Bd7 61. Ng3 1/2-1/2


[Site "https://www.chess.com"]

[Event "Titled Tuesday Blitz May 03 Late 2022"]
[White "Moral Garcia, Serafin"]
[Black "Gombocz, Ferenc Jr."]
[WhiteFideId "2201925"]
[BlackFideId "775029"]
[WhiteElo "2228"]
[BlackElo "1913"]
[Result "1-0"]
[Round "05"]
[TimeControl "180+1"]
[Date "2022.05.03"]
[WhiteClock "0:00:12"]
[BlackClock "0:00:57"]

1. e4 e5 2. Nf3 Nc6 3. Bb5 g6 4. c3 a6 5. Ba4 d6 6. d4 Bd7 7. O-O Bg7 8. d5 Nce7 9. c4 b5 10. cxb5 axb5 11. Bb3 f5 12. Nc3 Nf6 13. exf5 Nxf5 14. Ng5 O-O 15. Ne6 Bxe6 16. dxe6 Qe7 17. Nxb5 c6 18. Nc3 d5 19. Re1 Nd4 20. Bg5 Nxb3 21. Qxb3 Qxe6 22. Rac1 Rac8 23. Na4 Nd7 24. Qb7 e4 25. Bd2 Ne5 26. Nc5 Qf5 27. Be3 Rb8 28. Qc7 Rxb2 29. a4 Ng4 30. Qd7 Qxd7 31. Nxd7 Rf7 32. Nc5 d4 33. Bg5 Rfxf2 34. Nxe4 Rxg2+ 35. Kh1 Rxh2+ 36. Kg1 Rbg2+ 37. Kf1 d3 38. Rxc6 Bd4 39. Rc8+ Kf7 40. Nd6+ Kg7 41. Re7# 1-0


[Site "https://www.chess.com"]

[Event "Titled Tuesday Blitz May 03 Late 2022"]
[White "Moskalenko, Alexander"]
[Black "Skliarov, Viktor"]
[WhiteFideId "4155351"]
[BlackFideId "14106736"]
[WhiteElo "2434"]
[BlackElo "2229"]
[Result "1/2-1/2"]
[Round "05"]
[TimeControl "180+1"]
[Date "2022.05.03"]
[WhiteClock "0:00:12"]
[BlackClock "0:00:07"]

1. c4 e5 2. Nc3 Bb4 3. Nd5 Ba5 4. b4 c6 5. bxa5 cxd5 6. cxd5 Qxa5 7. e4 Nf6 8. f3 O-O 9. Bb2 d6 10. Ne2 b6 11. a4 Ba6 12. Bc3 Qc5 13. Qb3 Nbd7 14. d4 exd4 15. Bxd4 Qc7 16. Nc3 Bxf1 17. Rxf1 Nc5 18. Qc2 Qe7 19. Kf2 Rac8 20. Kg1 Rfe8 21. a5 b5 22. Qb1 a6 23. Na2 Na4 24. Nb4 Rc4 25. Nc6 Qb7 26. Bxf6 gxf6 27. Rc1 Nc5 28. Rxc4 bxc4 29. Qxb7 Nxb7 30. Rc1 f5 31. exf5 Nc5 32. Rxc4 Re2 33. f6 h5 34. Rh4 Nd3 35. g3 Re1+ 36. Kg2 Re2+ 37. Kf1 Re1+ 38. Kg2 Re2+ 39. Kg1 Re1+ 40. Kg2 1/2-1/2


[Site "https://www.chess.com"]

[Event "Titled Tuesday Blitz May 03 Late 2022"]
[White "Nozdrachev, Leonid"]
[Black "Gabrielian, Artur"]
[WhiteFideId "24113433"]
[BlackFideId "4131002"]
[WhiteElo "2242"]
[BlackElo "2440"]
[Result "0-1"]
[Round "05"]
[TimeControl "180+1"]
[Date "2022.05.03"]
[WhiteClock "0:00:35"]
[BlackClock "0:01:35"]

1. e4 e5 2. Nf3 Nc6 3. Bc4 Bc5 4. d3 Nf6 5. O-O O-O 6. a4 d6 7. Bg5 h6 8. Bh4 g5 9. Bg3 Kg7 10. c3 Bg4 11. b4 Nxb4 12. cxb4 Bxb4 13. Qb3 a5 14. Nfd2 Bc5 15. Nc3 h5 16. h4 Nh7 17. hxg5 Qxg5 18. Ra2 h4 19. Bh2 Bh3 20. g3 hxg3 0-1


[Site "https://www.chess.com"]